 Dungeon Crawl Stone Soup version 0.29.1-1-gd02db6906a (webtiles) character file.

Game seed: 17486538497432566391

119 Doomgape the Digger (level 4, -4/39 HPs)
             Began as a Troll Earth Elementalist on Sept 18, 2022.
             Slain by Grinder (6 damage)
             ... while paralysed by Grinder
             ... on level 3 of the Dungeon.
             The game lasted 00:08:20 (2267 turns).

Doomgape the Digger (Troll Earth Elementalist)      Turns: 2267, Time: 00:08:21

Health: -4/39      AC:  4    Str: 18    XL:     4   Next: 73%
Magic:  6/6        EV:  1    Int: 11    God:
Gold:   234        SH:  0    Dex: 10    Spells: 4/7 levels left

rFire   . . .      SeeInvis .   (no weapon)
rCold   + . .      Faith    .   (no shield)
rNeg    . . .      Spirit   .   a - +0 robe
rPois   .          Reflect  .   (helmet restricted)
rElec   .          Harm     .   (no cloak)
rCorr   .          Rampage  .   (gloves unavailable)
Will    .....                   (boots unavailable)
Stlth   +.........              e - amulet of magic regeneration
HPRegen 0.93/turn               g - +4 ring of evasion
MPRegen 0.50/turn               n - ring of protection from cold

@: paralysed
A: large, unfitting armour, claws 3, regeneration 1, shaggy fur 1, tough skin 1
a: no special abilities


You were on level 3 of the Dungeon.
You visited 1 branch of the dungeon, and saw 3 of its levels.

You collected 234 gold pieces.

Inventory:

Armour
 a - a +0 robe (worn)
Jewellery
 e - an amulet of magic regeneration (around neck)
 f - a ring of fire
 g - a +4 ring of evasion (left claw)
 j - an amulet of the acrobat
 n - a ring of protection from cold (right claw)
 p - a ring of positive energy
Scrolls
 h - a scroll of identify
Potions
 b - a potion of magic
 c - 4 potions of curing
 d - 3 potions of heal wounds
 i - a potion of attraction
 k - a potion of invisibility
 l - a potion of cancellation
 m - a potion of flight
 o - a potion of ambrosia
 q - a potion of brilliance {unknown}


   Skills:
 - Level 1.5 Dodging
 - Level 1.0 Stealth
 + Level 0.4 Unarmed Combat
 - Level 2.0 Spellcasting
 + Level 2.0 Transmutations
 + Level 3.6 Earth Magic


You had 4 spell levels left.
You knew the following spells:

 Your Spells              Type           Power      Damage    Failure   Level
a - Sandblast             Erth           18%        2d7       7%          1
b - Passwall              Tmut/Erth      5%         N/A       14%         2

Your spell library contained the following spells:

 Spells                   Type           Power      Damage    Failure   Level
 Sting                    Tmut/Pois      12%        1d3       19%         1
 Stone Arrow              Conj/Erth      10%        3d7       38%         3
 Poisonous Vapours        Pois/Air       2%         N/A       41%         2
 Dazzling Flash           Conj/Hex       2%         N/A       65%         3
 Petrify                  Tmut/Erth      7%         N/A       67%         4
 Iskenderun's Mystic Bla  Conj/Tloc      1%         2d3       96%         4
 Olgreb's Toxic Radiance  Pois           1%         N/A       96%         4
 Conjure Ball Lightning   Conj/Air       0%         3x3d6     100%        6
 Starburst                Conj/Fire      0%         6d3       100%        6
 Discord                  Hex            0%         N/A       100%        8
 Disjunction              Tloc           0%         N/A       100%        8


Dungeon Overview and Level Annotations

Branches:
Dungeon (3/15)

Altars:
Gozag
Xom
Yredelemnul

Shops:
D:1 *   D:2 (

Annotations:
D:3 Grinder


Innate Abilities, Weirdness & Mutations

You are too large for most types of armour.
You have claws for hands.
Your natural rate of healing is unusually fast.
You are covered in fur. (AC +1)
You have tough skin. (AC +1)


Message History

Press: ? - help, Shift-Dir - straight line, f/p - Grinder
Aim: Grinder (heavily wounded, 78% to hit)
The blast of sand hits Grinder but does no damage.
Grinder is heavily wounded.
You closely miss Grinder.
Grinder is heavily wounded.
Grinder hits you!
You writhe in agony.
You barely miss Grinder.
Grinder is heavily wounded.
Grinder gestures at you. Pain shoots through your body!
You scratch Grinder.
Grinder is heavily wounded.
Grinder hits you.
You barely miss Grinder.
Grinder is heavily wounded.
Grinder gestures at you.
You barely resist. You closely miss Grinder.
Grinder is heavily wounded.
Grinder barely misses you.
You claw Grinder!
Grinder is severely wounded.
Grinder gestures at you. Pain shoots through your body!
You barely miss Grinder.
Grinder is severely wounded.
You closely miss Grinder.
Grinder is severely wounded.
Grinder gestures at you. Pain shoots through your body!
* * * LOW HITPOINT WARNING * * *
You scratch Grinder.
Grinder is almost dead.
Grinder gestures at you.
You suddenly lose the ability to move!
Grinder hits you!
* * * LOW HITPOINT WARNING * * *
You writhe in agony.
You die...

......# #####.##
.......#########
##..^..........#
#.##.>#######.######
##.##..##.(.........#
...##..##.####.####.##
.#........# #.#.##...#
.......##.##.###@.#
..)###.##...#
##5......#
..####.##.##.#
..#.#.#.. .......##.#
.#....... ..#######.#
5####.### .## #.. ..>
.# .# ### ## # .###
...#


You could see Grinder.

Vanquished Creatures
  Robin (D:3)
  4 adders
  A worm (D:2)
  A dart slug (D:2)
  An orc (D:3)
  4 ball pythons
  6 endoplasms
  2 giant cockroaches
  7 goblins
  8 hobgoblins
  6 jackals (D:3)
  A quokka (D:3)
  7 bats
  3 frilled lizards
  3 kobolds
  7 rats
62 creatures vanquished.

Notes
Turn   | Place    | Note
-------+----------+-------------------------------------------
     0 | D:1      | Doomgape the Troll Earth Elementalist began the quest for
                  | the Orb.
     0 | D:1      | Reached XP level 1. HP: 16/16 MP: 1/1
   106 | D:1      | Found Yduamoj's Assorted Antiques.
   110 | D:1      | Reached skill level 1 in Transmutations
   155 | D:1      | Reached XP level 2. HP: 24/24 MP: 3/3
   311 | D:1      | Learned a level 2 spell: Passwall
   325 | D:1      | Found a faded altar of an unknown god.
   385 | D:1      | Reached skill level 3 in Earth Magic
   594 | D:2      | Found Hieheb's Weapon Shop.
   875 | D:2      | Reached XP level 3. HP: 31/31 MP: 4/4
  1417 | D:3      | Found a basalt altar of Yredelemnul.
  1464 | D:3      | Reached XP level 4. HP: 39/39 MP: 5/5
  1960 | D:3      | Found a shimmering altar of Xom.
  2016 | D:3      | Found an opulent altar of Gozag.
  2093 | D:3      | Noticed Robin
  2108 | D:3      | Killed Robin
  2241 | D:3      | Noticed Grinder
  2266 | D:3      | Paralysed by Grinder for 2 turns
  2267 | D:3      | Slain by Grinder

Illustrated notes

Levels and vault maps discovered:
D:1:      ncdulo_wetmaze, layout_rooms, serial_shops, shop_fountains,
          ebering_ecumenical_altar_box
D:2:      minmay_chambers_of_ones, layout_loops_ring, serial_shops, shop
D:3:      minmay_diamond_boxcup, layout_loops_ring, yredelemnul_altar_generic,
          nicolae_gozag_seed_capital, mainiacjoe_overflow_alcove_4,
          cheibrodos_sewer_entry_bend, amcnicky_mini_corridor_feature,
          amcnicky_mini_rare_corridor_liquid, uniq_grinder, uniq_robin

Skill      XL: |  1  2  3  4 |
---------------+-------------+-----
Transmutations | 1 2 |  2.0
Earth Magic    | 3 |  3.6
Spellcasting   | 2 |  2.0
Dodging        | |  1.5
Stealth        | |  1.0
Unarmed Combat | |  0.4

Action                   |  1- 3 |  4- 6 || total
-------------------------+-------+-------++-------
Melee: Unarmed           |   132 |    98 ||   230
 Cast: Sandblast         |     2 |     4 ||     6
  Use: Scroll            |       |     7 ||     7
 Stab: Sleeping          |     4 |     1 ||     5
Armor: Robe              |    56 |    22 ||    78
Dodge: Dodged            |    68 |    58 ||   126
